 Dungeon Crawl Stone Soup version 0.19.1 (webtiles) character file.

88 KingCrawl the Conjurer (level 4, -5/30 HPs)
             Began as a Demonspawn Conjurer on Dec 27, 2016.
             Killed from afar by Ijyb (20 damage)
             ... with a wand of lightning
             ... on level 2 of the Dungeon.
             The game lasted 00:05:06 (2358 turns).

KingCrawl the Conjurer (Demonspawn Conjurer)        Turns: 2358, Time: 00:05:06

Health: -5/30      AC:  2    Str:  8    XL:     4   Next: 29%
Magic:  1/8        EV: 12    Int: 17    God:
Gold:   127        SH:  0    Dex: 14    Spells: 1 memorised, 8 levels left

rFire  . . .     SeeInvis .     f - +0 dagger
rCold  . . .     Gourm    .     a - +0 robe
rNeg   . . .     Faith    .     (no shield)
rPois  .         Spirit   .     (helmet restricted)
rElec  .         Reflect  .     (no cloak)
rCorr  +         Harm     .     (no gloves)
MR     .....                    (no boots)
Stlth  ++........               (no amulet)
                                (no ring)
                                g - ring of resist corrosion

@: no status effects
A: horns 1
a: no special abilities


You were on level 2 of the Dungeon.
You were hungry.

You visited 1 branch of the dungeon, and saw 2 of its levels.

You collected 127 gold pieces.

Inventory:

Hand Weapons
 f - a +0 dagger (weapon)
Armour
 a - a +0 robe (worn)
Jewellery
 g - a ring of resist corrosion (left hand)
Scrolls
 d - a scroll of enchant armour {unknown}
 e - a scroll of enchant weapon {unknown}
 i - 3 scrolls of remove curse {unknown}
 j - a scroll of magic mapping {unknown}
 l - a scroll of identify {unknown}
Potions
 h - 2 potions of berserk rage {unknown}
 n - a potion of might
Books
 b - a book of Conjurations

   Spells                             Type                      Level
   a - Magic Dart                     Conjuration                  1
   b - Searing Ray                    Conjuration                  2
   c - Dazzling Spray                 Conjuration/Hexes            3
   d - Fulminant Prism                Conjuration/Hexes            4
   e - Iskenderun's Mystic Blast      Conjuration                  4
   f - Iskenderun's Battlesphere      Conjuration/Charms           5
Comestibles
 c - a bread ration
 k - a slice of pizza
 m - 2 fruits


   Skills:
 - Level 1.7 Dodging
 - Level 1.7 Stealth
 - Level 3.3 Spellcasting
 + Level 5.0 Conjurations


You had 8 spell levels left.
You knew the following spells:

 Your Spells              Type           Power        Failure   Level  Hunger
a - Magic Dart            Conj           ###.         2%          1    None


Dungeon Overview and Level Annotations

Branches:
Dungeon (2/15)

Altars:
Nemelex Xobeh
Okawaru

Annotations:
D:2 Ijyb


Innate Abilities, Weirdness & Mutations

You have a pair of small horns on your head.


Message History

Ouch! That really hurt!
It is a wand of lightning.
Casting: Magic Dart
Confirm with . or Enter, or press ? or * to list all spells.
Aiming: Magic Dart
Press: ? - help, Shift-Dir - straight line, f/p - Ijyb
Aim: Ijyb, carrying a wand of lightning {zapped: 1} (severely wounded, unusually strong)
The magic dart hits Ijyb.
Ijyb is severely wounded.
Ijyb zaps a wand.
The bolt of lightning misses you.
Casting: Magic Dart
Confirm with . or Enter, or press ? or * to list all spells.
Aiming: Magic Dart
Press: ? - help, Shift-Dir - straight line, f/p - Ijyb
Aim: Ijyb, carrying a wand of lightning {zapped: 2} (severely wounded, unusually strong)
The magic dart hits Ijyb.
Ijyb is almost dead.
Ijyb zaps a wand.
The bolt of lightning hits you!
Ouch! That really hurt!
You die...

#.####.#
###################.# #.#
#...........#.......# #.#
#.#########.##.###### #.#
#.# .. #.##.# #.# #.# #.
#.##.# #.# ########.# #.
#.##.# #.# .......>.#
####g##.##.##### #.#
##.#####.#
#....@#.##.....#####.#
#.....##.#
##............#......#
#..##.#..#
##............#.######
#...#.#.##.##...#.######.#.#
##..#....#.##............#.#
##..###........##.#####..#.#
...........#... ... #..#.#
##..#...#...#.. ##. #..#.#
#......##..#. . #..#..


You could see Ijyb.

Vanquished Creatures
  4 adders (D:2)
  An ooze (D:1)
  3 worms (D:2)
  2 dart slugs
  5 bats
  3 giant cockroaches
  5 goblins
  3 hobgoblins (D:1)
  A jackal (D:1)
  A ball python (D:1)
  2 frilled lizards (D:1)
  5 kobolds
  5 rats
40 creatures vanquished.

Notes
Turn   | Place    | Note
-------+----------+-------------------------------------------
     0 | D:1      | KingCrawl the Demonspawn Conjurer began the quest for the Orb.
     0 | D:1      | Reached XP level 1. HP: 13/13 MP: 3/3
   439 | D:1      | Gained mutation: You have a pair of small horns on your head. [demonic ancestry]
   439 | D:1      | Reached XP level 2. HP: 19/19 MP: 3/5
   980 | D:1      | Reached XP level 3. HP: 24/24 MP: 3/7
  1782 | D:2      | Reached XP level 4. HP: 23/30 MP: 4/8
  2168 | D:2      | Found an iron altar of Okawaru.
  2169 | D:2      | Found a sparkling altar of Nemelex Xobeh.
  2305 | D:2      | Reached skill level 5 in Conjurations
  2351 | D:2      | Noticed Ijyb
  2358 | D:2      | Killed from afar by Ijyb

Skill      XL: |  1  2  3  4 |
---------------+-------------+-----
Spellcasting   | 3 |  3.3
Conjurations   | 5 |  5.0
Dodging        | |  1.7
Stealth        | |  1.7

Action                   |  1- 3 |  4- 6 || total
-------------------------+-------+-------++-------
Melee: Unarmed           |    14 |       ||    14
       Dagger            |    15 |     6 ||    21
       Headbutt          |       |     1 ||     1
 Cast: Magic Dart        |    67 |    32 ||    99
 Stab: Sleeping          |     1 |       ||     1
  Eat: Chunk             |     2 |     2 ||     4
Armor: Robe              |     9 |     1 ||    10
Dodge: Dodged            |    25 |     6 ||    31
